 Dungeon Crawl Stone Soup version 0.21.1-1-g345015f (webtiles) character file.

285 ximkin the Fighter (level 6, -3/61 HPs)
             Began as a Minotaur Monk on Mar 25, 2018.
             Slain by an orc warrior
             ... wielding a +0 scimitar
              (23 damage)
             ... on level 3 of the Dungeon.
             The game lasted 00:07:12 (2566 turns).

ximkin the Fighter (Minotaur Monk)                  Turns: 2566, Time: 00:07:13

Health: -3/61      AC:  2    Str: 16    XL:     6   Next: 7%
Magic:  5/5        EV: 13    Int:  7    God:
Gold:   67         SH:  0    Dex: 14    Spells: 5/5 levels left

rFire    . . .     SeeInvis .   a - +1 spear
rCold    + . .     Gourm    .   (no shield)
rNeg     . . .     Faith    .   b - +0 robe
rPois    .         Spirit   .   (helmet restricted)
rElec    .         Reflect  .   (no cloak)
rCorr    .         Harm     .   (no gloves)
MR       .....                  (no boots)
Stlth    ++........             (no amulet)
HPRegen  0.20/turn              h - ring of protection from cold
MPRegen  0.09/turn              (no ring)

@: no status effects
A: retaliatory headbutt, horns 2
a: no special abilities


You were on level 3 of the Dungeon.
You were not hungry.

You visited 1 branch of the dungeon, and saw 3 of its levels.

You collected 67 gold pieces.

Inventory:

Hand Weapons
 a - a +1 spear (weapon)
 m - a cursed -1 quarterstaff
Armour
 b - a +0 robe (worn)
Jewellery
 h - a ring of protection from cold (left hand)
Scrolls
 i - a scroll of immolation {unknown}
 k - a scroll of magic mapping
 l - 2 scrolls of identify
Potions
 d - a potion of agility
 e - 2 potions of heal wounds
 g - 2 potions of curing {unknown}
 j - a potion of haste {unknown}
Comestibles
 c - 7 rations
 f - a chunk of flesh


   Skills:
 * Level 8.3 Fighting
 - Level 3.6 Polearms
 - Level 3.2 Dodging
 - Level 1.5 Stealth


You had 5 spell levels left.
You didn't know any spells.

Dungeon Overview and Level Annotations

Branches:
Dungeon (3/15)

Altars:


Innate Abilities, Weirdness & Mutations

You reflexively headbutt those who attack you in melee.
You have a pair of horns on your head.


Message History

The orc warrior closely misses you.
You hit the orc warrior but do no damage.
You headbutt the orc warrior.
The orc warrior is lightly wounded.
The orc warrior hits you with a scimitar!!
The orc wizard shouts!
You hit the orc warrior but do no damage.
The orc warrior is lightly wounded.
You hear a shout!
You hit the orc warrior.
The orc warrior is moderately wounded.
The orc warrior closely misses you. You furiously retaliate!
You headbutt the orc warrior, but do no damage.
You barely miss the orc warrior.
The orc warrior is moderately wounded.
The orc warrior hits you with a scimitar!!
You barely miss the orc warrior.
The orc warrior is moderately wounded.
The orc warrior hits you with a scimitar!!
You die...

.P..P.....# #..............
..........# #..............
......P...# #..............
..........### ##
#....o.o.......
............. ..
#.#+######+####
......P...### #. #.# #
............. #. #.# #
.P..P...#.##..#.###.#.#### #
................@ooo........
'
..........###...###..####..#
##
..#..####.#................#
# ..#.## .#.##.....#.#.#...#
# #.#.# # ##....#.#.#...# #
..#.## #....#.#.#...# #
....<# #....†.......# #
..#.## #.###...##.#.##..# #
..#...
#.......##.#.....#+####


You could see an orc warrior, an orc wizard and an orc.

Vanquished Creatures
  A sky beast (D:3)
  A bullfrog (D:2)
  An orc wizard (D:3)
  3 adders (D:3)
  A gnoll (D:1)
  An ooze (D:1)
  A dart slug (D:2)
  2 leopard geckos
  3 orcs (D:3)
  6 bats
  3 giant cockroaches (D:1)
  6 goblins
  6 hobgoblins
  2 jackals (D:3)
  A quokka (D:3)
  3 ball pythons
  5 frilled lizards
  8 kobolds
  4 rats
58 creatures vanquished.

Notes
Turn   | Place    | Note
-------+----------+-------------------------------------------
     0 | D:1      | ximkin the Minotaur Monk began the quest for the Orb.
     0 | D:1      | Reached XP level 1. HP: 19/19 MP: 0/0
   124 | D:1      | Reached skill level 4 in Fighting
   146 | D:1      | Reached XP level 2. HP: 28/28 MP: 1/1
   198 | D:1      | Reached skill level 5 in Fighting
   244 | D:1      | Reached XP level 3. HP: 35/36 MP: 2/2
  1074 | D:2      | Noticed a bullfrog
  1085 | D:2      | Killed a bullfrog
  1085 | D:2      | Reached skill level 6 in Fighting
  1085 | D:2      | Reached XP level 4. HP: 21/45 MP: 3/3
  1620 | D:2      | You fall through a shaft!
  1738 | D:3      | Noticed an orc warrior
  1802 | D:3      | Noticed a sky beast
  1814 | D:3      | Killed a sky beast
  1814 | D:3      | Reached skill level 7 in Fighting
  1814 | D:3      | Reached XP level 5. HP: 25/53 MP: 4/4
  2233 | D:3      | Reached skill level 8 in Fighting
  2292 | D:3      | Reached XP level 6. HP: 60/61 MP: 5/5
  2566 | D:3      | Slain by an orc warrior

Skill      XL: |  1  2  3  4  5 |
---------------+----------------+-----
Fighting       | 4 5 6 7 8 |  8.3
Polearms       | |  3.6
Dodging        | |  3.2
Stealth        | |  1.5

Action                   |  1- 3 |  4- 6 || total
-------------------------+-------+-------++-------
Melee: Spear             |    94 |    60 ||   154
       Headbutt          |     8 |     7 ||    15
  Use: Scroll            |       |     5 ||     5
       Potion            |       |     1 ||     1
 Stab: Sleeping          |    10 |     4 ||    14
  Eat: Chunk             |     1 |     1 ||     2
       Ration            |       |     1 ||     1
Armor: Robe              |     6 |     7 ||    13
Dodge: Dodged            |    37 |    31 ||    68
